 Dungeon Crawl Stone Soup version 0.29.1-4-g47bece8355 (webtiles) character file.

Game seed: 2827942435381390850

24 xsamass the Chopper (level 3, 0/33 HPs)
             Began as a Hill Orc Berserker on Dec 8, 2022.
             Was a Follower of Trog.
             Slain by a jackal (2 damage)
             ... on level 1 of the Dungeon.
             The game lasted 00:09:24 (651 turns).

xsamass the Chopper (Hill Orc Berserker)             Turns: 651, Time: 00:09:25

Health: 0/33       AC:  2    Str: 21    XL:     3   Next: 2%
Magic:  3/3        EV: 12    Int:  7    God:    Trog [*.....]
Gold:   37         SH:  0    Dex: 10    Spells: 2/2 levels left

rFire   . . .      SeeInvis .   a - +0 hand axe
rCold   . . .      Faith    .   (no shield)
rNeg    . . .      Spirit   .   b - +0 animal skin
rPois   .          Reflect  .   (no helmet)
rElec   .          Harm     .   (no cloak)
rCorr   .          Rampage  .   (no gloves)
Will    .....                   (no boots)
Stlth   +.........              (no amulet)
HPRegen 0.11/turn               (no ring)
MPRegen 0.08/turn               (no ring)

@: no status effects
A: no striking features
a: Renounce Religion, Berserk


You were on level 1 of the Dungeon.
You worshipped Trog.
Trog was aware of your devotion.
You visited 1 branch of the dungeon, and saw 1 of its levels.

You collected 37 gold pieces.

Inventory:

Hand Weapons
 a - a +0 hand axe (weapon)
 c - a +0 club
 d - a +0 dagger
 f - a +0 short sword
 g - a +0 sling
Missiles
 e - a stone (quivered)
Armour
 b - a +0 animal skin (worn)


   Skills:
 + Level 4.2 Fighting
 + Level 4.6 Axes
 + Level 2.5 Armour
 - Level 1.6 Dodging


You had 2 spell levels left.
You didn't know any spells.
Your spell library was empty.

Dungeon Overview and Level Annotations

Branches:
Dungeon (1/15)

Altars:


Message History

The giant cockroach closely misses you.
The giant cockroach attacks as you move away!
The giant cockroach bites you.
* * * LOW HITPOINT WARNING * * *
The giant cockroach bites you.
* * * LOW HITPOINT WARNING * * *
The giant cockroach attacks as you move away!
The giant cockroach misses you.
The giant cockroach attacks as you move away!
The giant cockroach closely misses you.
The giant cockroach bites you but does no damage.
You closely miss the giant cockroach. The giant cockroach barely misses you.
You barely miss the giant cockroach. The giant cockroach barely misses you.
You closely miss the giant cockroach. The giant cockroach closely misses you.
You hit the giant cockroach.
The giant cockroach is heavily wounded.
The giant cockroach barely misses you. x2
You hit the giant cockroach.
You kill the giant cockroach!
Trog accepts your kill.
You have reached level 3!
Your experience leads to an increase in your attributes!
Increase (S)trength, (I)ntelligence, or (D)exterity?
Uppercase letters only, please.
You feel stronger. x2
You hit the jackal.
The jackal is heavily wounded.
The jackal misses you. The jackal closely misses you.
You hit the jackal.
The jackal is severely wounded.
The jackal closely misses you.
You barely miss the jackal.
The jackal is severely wounded.
The jackal bites you.
* * * LOW HITPOINT WARNING * * *
The jackal bites you but does no damage.
You barely miss the jackal.
The jackal is heavily wounded.
The jackal bites you.
You die...

# #....# #
######.88.####### #
#....#....#.♣.♣.# #
###..##''##....# #
#.........#### #
##.#........###### #
#....÷..........#
######.#########.###.#
...............h@###.#
######.##########....#
# #.# #.#### # #.# #.#
# #.# #.# # #.# #.# #
#.# #.# # #.# #÷# #
#.# #.#


You could see a jackal.

Vanquished Creatures
  A gnoll (D:1)
  A giant cockroach (D:1)
  2 hobgoblins (D:1)
  A jackal (D:1)
  2 kobolds (D:1)
  2 ball pythons (D:1)
  2 bats (D:1)
  3 rats (D:1)
14 creatures vanquished.

Notes
Turn   | Place    | Note
-------+----------+-------------------------------------------
     0 | D:1      | xsamass the Hill Orc Berserker began the quest for the Orb.
     0 | D:1      | Reached XP level 1. HP: 19/19 MP: 1/1
    28 | D:1      | Reached XP level 2. HP: 10/27 MP: 2/2
   637 | D:1      | HP: 1/27 [giant cockroach (2)]
   648 | D:1      | Reached XP level 3. HP: 3/33 MP: 3/3
   651 | D:1      | Slain by a jackal

Illustrated notes

Levels and vault maps discovered:
D:1:      sevenhm_arrival_forest_fort_small_6, layout_basic,
          dreamdust_ecumenical_altar_hidden_monk_grotto, reono_crystal_passage,
          minmay_misc_feat_room

Skill      XL: |  1 |
---------------+----+-----
Fighting       | 4 |  4.2
Axes           | |  4.6
Armour         | |  2.5
Dodging        | |  1.6

Action                   || total
-------------------------++-------
Melee: Hand axe          ||    56
       Punch             ||     1
Armor: Animal skin       ||    17
Dodge: Dodged            ||    52
